 Dungeon Crawl Stone Soup version 0.30-a0-613-gdd512c7efb (webtiles) character file.

Game seed: 4583656508335435777

54588 timneilson the Blocker (level 14, -2/87 HPs)
             Began as a Gargoyle Fighter on Jan 8, 2023.
             Was an Elder of Okawaru.
             Slain by an ogre
             ... wielding a +0 giant club
              (20 damage)
             ... on level 1 of the Orcish Mines.
             The game lasted 00:37:42 (20457 turns).

timneilson the Blocker (Gargoyle Fighter)          Turns: 20457, Time: 00:37:43

Health: -2/87      AC: 51    Str: 27    XL:     14   Next: 73%
Magic:  20/20      EV:  6    Int:  8    God:    Okawaru [****..]
Gold:   1964       SH: 13    Dex: 10    Spells: 13/13 levels left

rFire   + + .      SeeInvis .    s - +2 double sword (flame)
rCold   + + .      Faith    .    p - +1 kite shield
rNeg    + + +      Spirit   .    c - +9 scales of the Dragon King {rPois rF+ rC+ Will+}
rPois   ∞          Reflect  .    N - +1 hat "Kamos" {rF+ rN+ Str+3}
rElec   +          Harm     .    G - +2 ratskin cloak {*Rats rPois rN+ Str-1 Int-1 Dex+1}
rCorr   +          Rampage  .    M - +1 pair of gloves of Rylorug {rN+ rCorr}
Will    ++...                    I - +0 pair of boots Stlth
                                 (no amulet)
HPRegen 0.34/turn                l - ring of protection from cold
MPRegen 0.17/turn                u - +4 ring of protection

@: flying
A: sickness immunity, AC +10, big wings, negative energy resistance 1,
electricity resistance, torment resistance 1, petrification resistance
a: Renounce Religion, Heroism, Finesse


You were on level 1 of the Orcish Mines.
You worshipped Okawaru.
Okawaru was greatly pleased with you.
You visited 4 branches of the dungeon, and saw 19 of its levels.
You also visited: Sewer and Ice Cave.

You collected 1964 gold pieces.

Inventory:

Hand Weapons
 a - a +0 long sword of draining
 s - a +2 double sword of flaming (weapon)
Armour
 c - the +9 scales of the Dragon King (worn) {rPois rF+ rC+ Will+}
   (You found it on level 10 of the Dungeon)

   rF:        It protects you from fire.
   rC:        It protects you from cold.
   rPois:     It protects you from poison.
   Will:      It increases your willpower.
 p - a +1 kite shield (worn)
 G - the +2 ratskin cloak (worn) {*Rats rPois rN+ Str-1 Int-1 Dex+1}
   (You found it on level 11 of the Dungeon)

   When the wearer is hurt, rats may emerge from it to assist them.
   Str:       It affects your strength (-1).
   Int:       It affects your intelligence (-1).
   Dex:       It affects your dexterity (+1).
   rPois:     It protects you from poison.
   rN:        It protects you from negative energy.
 I - a +0 pair of boots (worn)
 M - the +1 pair of gloves of Rylorug (worn) {rN+ rCorr}
   (Okawaru gifted it to you on level 1 of the Lair of Beasts)

   rN:        It protects you from negative energy.
   rCorr:     It protects you from acid and corrosion.
 N - the +1 hat "Kamos" (worn) {rF+ rN+ Str+3}
   (Okawaru gifted it to you on level 2 of the Lair of Beasts)

   Str:       It affects your strength (+3).
   rF:        It protects you from fire.
   rN:        It protects you from negative energy.
Jewellery
 l - a ring of protection from cold (left hand)
 u - a +4 ring of protection (right hand)
 B - a ring of see invisible
Wands
 o - a wand of paralysis (7)
 v - a wand of digging (1)
 D - a wand of roots (12)
 H - a wand of flame (77)
 Q - a wand of polymorph (4)
Scrolls
 e - 3 scrolls of blinking
 j - 6 scrolls of poison
 q - 2 scrolls of silence
 w - 9 scrolls of magic mapping
 x - 10 scrolls of teleportation
 y - 3 scrolls of brand weapon
 C - 2 scrolls of noise
 F - 2 scrolls of amnesia
 J - 3 scrolls of enchant armour
 L - 3 scrolls of fear
 P - a scroll of fog
Potions
 b - a potion of lignification
 d - 3 potions of might
 f - 3 potions of flight
 g - 2 potions of magic
 h - a potion of invisibility {unknown}
 k - a potion of attraction {unknown}
 m - a potion of mutation {unknown}
 r - a potion of berserk rage {unknown}
 t - a potion of curing
 z - 3 potions of resistance
 E - 4 potions of brilliance
 K - a potion of cancellation {unknown}
 O - 3 potions of haste
 S - 2 potions of heal wounds
Miscellaneous
 i - a tin of tremorstones (2/2)


   Skills:
 + Level 9.8 Fighting
 * Level 11.0 Long Blades
 * Level 13.1 Armour
 + Level 6.9 Dodging
 * Level 13.1 Shields
 + Level 8.1 Invocations
 + Level 7.2 Evocations


You had 13 spell levels left.
You didn't know any spells.
Your spell library contained the following spells:

 Spells                   Type           Power      Damage    Failure   Level
 Apportation              Tloc           0%         N/A       100%        1
 Magic Dart               Conj           0%         1d3       100%        1
 Necrotise                Necr           0%         1d4       100%        1
 Blink                    Tloc           0%         N/A       100%        2
 Momentum Strike          Conj/Tloc      0%         3d8       100%        2
 Poisonous Vapours        Pois/Air       0%         N/A       100%        2
 Searing Ray              Conj           0%         2d4       100%        2
 Gell's Gravitas          Tloc           0%         N/A       100%        3
 Inner Flame              Hex/Fire       0%         N/A       100%        3
 Lesser Beckoning         Tloc           0%         N/A       100%        3
 Mephitic Cloud           Conj/Pois/Air  0%         N/A       100%        3
 Ozocubu's Armour         Ice            0%         N/A       100%        3
 Portal Projectile        Hex/Tloc       0%         N/A       100%        3
 Teleport Other           Tloc           0%         N/A       100%        3
 Flame Wave               Conj/Fire      0%         2d4       100%        4
 Fulminant Prism          Conj/Hex       0%         3d5       100%        4
 Leda's Liquefaction      Hex/Erth       0%         N/A       100%        4
 Manifold Assault         Tloc           0%         N/A       100%        4
 Sticky Flame             Conj/Fire      0%         2d3       100%        4
 Alistair's Intoxication  Tmut/Pois      0%         N/A       100%        5
 Blade Hands              Tmut           0%         N/A       100%        5
 Borgnjor's Vile Clutch   Necr/Erth      0%         N/A       100%        5
 Eringya's Noxious Bog    Tmut/Pois      0%         N/A       100%        6
 Ozocubu's Refrigeration  Ice            0%         4d7       100%        7
 Storm Form               Tmut/Air       0%         N/A       100%        7
 Ignition                 Fire           0%         3d3       100%        8
 Summon Small Mammal      Summ           Unusable   N/A       N/A         1
 Cigotuvi's Dreadful Rot  Necr/Pois/Air  Unusable   N/A       N/A         2
 Call Canine Familiar     Summ           Unusable   N/A       N/A         3
 Tukima's Dance           Hex            Unusable   N/A       N/A         3

Dungeon Overview and Level Annotations

Branches:
Dungeon (11/15)            Temple (1/1) D:5            Lair (5/5) D:11
 Shoals (0/4) Lair:3       Spider (0/4) Lair:3        Slime (0/5) Lair:4
    Orc (2/2) D:10          Sewer (visited)           IceCv (visited)
    Elf: Orc:2

Altars:
Ashenzari
Cheibriados
Dithmenos
Elyvilon
Fedhas
Gozag
Hepliaklqana
Kikubaaqudgha
Makhleb
Nemelex Xobeh
Okawaru
Qazlal
Ru
Sif Muna
Trog
Uskayaw
Vehumet
Wu Jian
Xom
Yredelemnul
Zin
The Shining One

Shops:
D:5 *   D:9 (

Annotations:
Lair:1 2 transporters, varamyr's ghost, novice HOFi


Innate Abilities, Weirdness & Mutations

You are immune to sickness and miasma.
Your stone body is resilient. (AC +10)
You are immune to poison.
Your large and strong wings let you fly.
You resist negative energy. (rN+)
You are resistant to electric shocks. (rElec)
You are resistant to unholy torment.
You are immune to petrification.


Message History

You are too injured to fight recklessly!
You are too injured to fight recklessly!
You are too injured to fight recklessly!
You are too injured to fight recklessly!
You are too injured to fight recklessly!
You are too injured to fight recklessly!
You are too injured to fight recklessly!
You are too injured to fight recklessly!
You are too injured to fight recklessly!
You are too injured to fight recklessly!
You are too injured to fight recklessly!
You are too injured to fight recklessly!
You are too injured to fight recklessly!
You are too injured to fight recklessly!
You hit the ogre. You burn the ogre.
The ogre is lightly wounded.
You block the ogre's attack. x2; The ogre closely misses you.
You hit the ogre. You burn the ogre.
The ogre is moderately wounded.
You slash the ogre! You burn the ogre!
You kill the ogre!
Okawaru accepts your kill. You block the ogre's attack.
The ogre hits you with a +0 giant club!!
* * * LOW HITPOINT WARNING * * *
Items here: ))))))))) [[[[ ††.
You slash the ogre! You burn the ogre.
The ogre is moderately wounded.
You barely miss the ogre. The ogre hits you with a +0 giant club.
* * * LOW HITPOINT WARNING * * *
You block the ogre's attack.
You barely miss the ogre.
The ogre is moderately wounded.
You slash the ogre! You burn the ogre.
The ogre is almost dead.
The ogre hits you but does no damage. You block the ogre's attack.
You hit the ogre. You burn the ogre.
The ogre is almost dead.
The ogre hits you with a +0 giant club!!
You die...

#.##.....#.####....###.#.....##
....#.......###.......#.#...##
....#......##.#..........#.##
#..........#....###......###
##.)..#........#.#........##
...).....#.....##.#........#
...)..#..#....)..>.....##.###
##............)O#....#.####.##
###.........#.)O@...##### #..# #
#......##.##.[[...###.####.##
####......######[)..##...##...# #
.<###.....#.#.#...[.#.#.......###
......................#..........
......###...#....#........#......
.......##.......###......####....
....######.......##...)..##..#...
......###........##...#..........


You could see 2 ogres.

Vanquished Creatures
  The ghost of lotum the Severer, a journeyman GrFi of Yredelemnul (Lair:5)
  A fire dragon (Lair:5)
  2 hydras (Lair:5)
  A boulder beetle (Lair:4)
  An ogre mage (D:10)
  10 two-headed ogres
  A death yak (Lair:1)
  4 fire crabs
  An orc knight (Orc:1)
  A wolf spider (Lair:3)
  An ugly thing (IceCv)
  2 manticores
  3 merfolk sirens (Lair:3)
  8 elephants
  3 ice statues (IceCv)
  2 molten gargoyles (Lair:5)
  9 cane toads
  4 black mambas
  A kobold demonologist (D:10)
  9 komodo dragons
  A freezing wraith (IceCv)
  4 rime drakes
  A merfolk (Lair:3)
  2 trolls
  A polar bear (Lair:5)
  11 blink frogs
  Prince Ribbit (D:5)
  12 wyverns
  4 wraiths
  59 yaks
  Grum (D:8)
  3 dire elephant simulacra (IceCv)
  2 redbacks (Lair:3)
  7 basilisks
  5 steam dragons
  2 death yak simulacra (IceCv)
  3 vampire mosquitoes (D:11)
  Edmund (D:4)
  An acid dragon (D:9)
  4 hell hounds (Lair:5)
  Duvessa (D:7)
  14 water moccasins
  7 orc warriors
  2 ice beasts (D:7)
  A black bear (D:7)
  3 sky beasts
  20 ogres
  9 wolves
  3 centaurs
  3 phantoms
  5 kobold brigands
  13 bullfrogs
  Blork the orc (D:5)
  A gnoll sergeant (D:4)
  2 scorpions
  A necrophage (D:6)
  7 wights
  Dowan (D:7)
  13 killer bees
  2 elephant simulacra (IceCv)
  3 howler monkeys
  2 electric eels
  5 lava snakes (Lair:5)
  2 gnoll boudas
  3 hounds
  2 orc priests
  7 iguanas
  Ijyb (D:4)
  15 orc wizards
  7 hell rats
  2 polar bear simulacra (IceCv)
  A wolf simulacrum (IceCv)
  An ogre zombie (D:10)
  13 gnolls
  3 adders
  4 river rats (Sewer)
  3 white imps
  2 ufetubi
  3 worms
  The ghost of flotson the Sneak, a weakling DsDe (D:4)
  3 dart slugs
  35 orcs
  5 endoplasms
  5 giant cockroaches
  6 goblins
  7 hobgoblins
  13 jackals
  4 quokkas
  11 ball pythons
  4 bats
  2 frilled lizards
  18 kobolds
  11 rats
503 creatures vanquished.

Vanquished Creatures (others)
  A black mamba (Lair:5)
  A bullfrog (Lair:2)
  11 fungi
  21 plants
34 creatures vanquished.

Grand Total: 537 creatures vanquished

Notes
Turn   | Place    | Note
-------+----------+-------------------------------------------
     0 | D:1      | timneilson the Gargoyle Fighter began the quest for the
                  | Orb.
     0 | D:1      | Reached XP level 1. HP: 14/14 MP: 1/1
   187 | D:1      | Reached XP level 2. HP: 19/19 MP: 2/2
   523 | D:1      | Reached XP level 3. HP: 23/23 MP: 3/3
  1149 | D:2      | Found a faded altar of an unknown god.
  1769 | D:2      | Reached XP level 4. HP: 27/28 MP: 4/4
  2452 | D:4      | Reached skill level 1 in Dodging
  2452 | D:4      | Reached XP level 5. HP: 11/33 MP: 5/5
  2611 | D:4      | Noticed an ogre
  2621 | D:4      | Killed an ogre
  2732 | D:4      | Noticed a phantom
  2756 | D:4      | Killed a phantom
  2757 | D:4      | Reached XP level 6. HP: 24/38 MP: 6/6
  2858 | D:4      | Noticed flotson's ghost (weakling DsDe)
  2859 | D:4      | Found a large runed translucent door.
  2859 | D:4      | Found a large runed translucent door.
  3262 | D:4      | Noticed Edmund
  3275 | D:4      | Killed Edmund
  3276 | D:4      | Reached skill level 5 in Armour
  3276 | D:4      | Reached skill level 1 in Evocations
  3276 | D:4      | Reached XP level 7. HP: 28/43 MP: 7/7
  3544 | D:4      | Killed flotson's ghost
  3569 | D:4      | Identified a scroll of acquirement
  3569 | D:4      | Acquired a +0 double sword of flaming
  3601 | D:5      | Entered Level 5 of the Dungeon
  3616 | D:5      | Reached skill level 5 in Shields
  3639 | D:5      | Found a glowing drain.
  3695 | Sewer    | Entered a sewer
  3936 | D:5      | Noticed Ijyb
  3947 | D:5      | HP: 1/44 [iguana (2)]
  4134 | D:4      | Killed Ijyb
  4236 | D:4      | Reached XP level 8. HP: 23/48 MP: 8/8
  4591 | D:5      | Found Inkuts's Elemental Accessories.
  4723 | D:5      | Noticed Prince Ribbit
  4745 | D:5      | Killed Prince Ribbit
  4746 | D:5      | Reached skill level 5 in Fighting
  4808 | D:5      | Found a staircase to the Ecumenical Temple.
  4824 | Temple   | Entered the Ecumenical Temple
  4997 | Temple   | Became a worshipper of Warmaster Okawaru
  5027 | D:5      | Noticed Blork the orc
  5039 | D:5      | Killed Blork the orc
  5473 | D:6      | Reached skill level 5 in Long Blades
  5473 | D:6      | Reached skill level 1 in Invocations
  5495 | D:6      | Reached XP level 9. HP: 54/54 MP: 9/9
  5829 | D:7      | Noticed a two-headed ogre
  5859 | D:7      | Killed a two-headed ogre
  5859 | D:7      | Reached * piety under Okawaru
  6267 | D:7      | Noticed Dowan
  6267 | D:7      | Noticed Duvessa
  6274 | D:7      | Killed Dowan
  6285 | D:7      | Killed Duvessa
  7098 | D:8      | Reached XP level 10. HP: 34/60 MP: 9/12
  7379 | D:8      | Reached ** piety under Okawaru
  7565 | D:8      | Noticed Grum
  7589 | D:8      | Killed Grum
  8076 | D:8      | Got the Vellum of Cinders
  8283 | D:9      | Reached *** piety under Okawaru
  8430 | D:9      | Found Oxuxifie's Weapon Shoppe.
  8667 | D:9      | Reached XP level 11. HP: 38/66 MP: 11/14
  9085 | D:9      | Found a white marble altar of Elyvilon.
  9169 | D:9      | Noticed a two-headed ogre
  9182 | D:9      | Killed a two-headed ogre
  9182 | D:9      | Reached **** piety under Okawaru
  9755 | D:10     | Entered Level 10 of the Dungeon
 10110 | D:10     | Noticed a two-headed ogre
 10110 | D:10     | Noticed a two-headed ogre
 10126 | D:10     | Killed a two-headed ogre
 10128 | D:10     | Noticed a two-headed ogre
 10143 | D:10     | Killed a two-headed ogre
 10147 | D:10     | Killed a two-headed ogre
 10148 | D:10     | Reached skill level 5 in Invocations
 10294 | D:10     | Noticed a two-headed ogre
 10303 | D:10     | Killed a two-headed ogre
 10304 | D:10     | Reached skill level 10 in Armour
 10304 | D:10     | Reached skill level 10 in Shields
 10304 | D:10     | Reached skill level 5 in Evocations
 10437 | D:10     | Noticed a two-headed ogre
 10437 | D:10     | Noticed a two-headed ogre
 10437 | D:10     | Noticed a two-headed ogre
 10438 | D:10     | Noticed an ogre mage
 10455 | D:10     | Killed a two-headed ogre
 10456 | D:10     | Reached skill level 5 in Dodging
 10460 | D:10     | Killed a two-headed ogre
 10461 | D:10     | Reached XP level 12. HP: 16/72 MP: 14/16
 10465 | D:10     | Killed a two-headed ogre
 10469 | D:10     | Killed an ogre mage
 10474 | D:10     | Reached ***** piety under Okawaru
 10656 | D:10     | Found the +9 scales of the Dragon King {rPois rF+ rC+
                  | Will+}
 10739 | D:10     | Found a shimmering blue altar of Sif Muna.
 10862 | D:10     | Found a staircase to the Orcish Mines.
 10972 | D:10     | Found a basalt altar of Yredelemnul.
 10975 | D:10     | Found a radiant altar of Vehumet.
 10978 | D:10     | Found a snail-covered altar of Cheibriados.
 11332 | D:10     | Found a hazy altar of Hepliaklqana.
 11427 | D:11     | Found a frozen archway.
 11438 | IceCv    | Entered an ice cave
 11892 | IceCv    | Identified the +5 glaive of the Changing Shrike {holy,
                  | rElec}
 11911 | IceCv    | Identified the +3 great sword of a volcano {flame, Str+3
                  | Dex+7}
 12043 | D:11     | Found the +2 ratskin cloak {*Rats rPois rN+ Str-1 Int-1
                  | Dex+1}
 12188 | D:11     | Found a staircase to the Lair.
 12369 | D:11     | Noticed a two-headed ogre
 12379 | D:11     | Killed a two-headed ogre
 12921 | Lair:1   | Entered Level 1 of the Lair of Beasts
 13000 | Lair:1   | Reached XP level 13. HP: 66/79 MP: 17/17
 13069 | Lair:1   | Noticed varamyr's ghost (novice HOFi)
 13108 | Lair:1   | Identified the +1 pair of gloves of Rylorug {rN+ rCorr}
                  | (Okawaru gifted it to you on level 1 of the Lair of Beasts)
 13108 | Lair:1   | Received a gift from Okawaru
 13304 | Lair:1   | Found a transporter.
 13306 | Lair:1   | Found a transporter.
 15048 | Lair:2   | Identified the +1 hat "Kamos" {rF+ rN+ Str+3} (Okawaru
                  | gifted it to you on level 2 of the Lair of Beasts)
 15048 | Lair:2   | Received a gift from Okawaru
 15340 | Lair:3   | Reached skill level 10 in Long Blades
 15656 | Lair:3   | Found a hole to the Spider Nest.
 15877 | Lair:3   | Found a staircase to the Shoals.
 16019 | Lair:3   | Gained mutation: Your large and strong wings let you fly.
                  | [Gargoyle growth]
 16019 | Lair:3   | Reached XP level 14. HP: 74/86 MP: 19/19
 17612 | Lair:4   | Found a staircase to the Slime Pits.
 17909 | Lair:5   | Entered Level 5 of the Lair of Beasts
 18037 | Lair:5   | Received a gift from Okawaru
 18487 | Lair:5   | Found a runed translucent door.
 18488 | Lair:5   | Noticed lotum's ghost (journeyman GrFi)
 18816 | Lair:5   | Found a large runed translucent door.
 18816 | Lair:5   | Found a large runed translucent door.
 19482 | Lair:5   | Identified the +4 robe "Ulisin Orchewn" {-Tele rPois rN+}
 19644 | Lair:5   | Killed lotum's ghost
 19837 | Orc:1    | Entered Level 1 of the Orcish Mines
 20349 | Orc:2    | Entered Level 2 of the Orcish Mines
 20457 | Orc:1    | Slain by an ogre

Illustrated notes

Levels and vault maps discovered:
D:1:      ncdulo_wetmaze, layout_basic
D:2:      layout_basic, ebering_ecumenical_altar_ruins, kennysheep_cross_room
D:3:      layout_rooms, ebering_dispersal_statue_hall, minmay_fountain_box,
          amethyst_killhole
D:4:      layout_loops_ring, ebering_ghost_disaster_area, chequers_arboretum,
          st_stairs_5, hangedman_decor_lopped, uniq_edmund
D:5:      layout_gridville, minmay_temple_entry_offerings, portal_sewer_entry_b,
          nicolae_elemental_shop, uniq_ijyb, uniq_blork_the_orc,
          uniq_prince_ribbit1
D:6:      layout_cave_pools
D:7:      layout_basic, uniq_duvessa
D:8:      layout_loops_ring, uniq_grum
D:9:      minmay_razor_zed, layout_long_grid, elyvilon_altar_1, serial_shops,
          nicolae_stop_n_shop_1
D:10:     lemuel_ogre_cave, layout_long_grid, mainiacjoe_overflow_tiny_flanked,
          nzn_hepliaklqana_mist_gate, grunt_temple_overflow_diamond, orc_0_dummy
D:11:     layout_stronghold, minmay_lair_entry_grove,
          portal_ice_cave_entry_pillars_1
Temple:   eino_temple_rhombus
Lair:1:   layout_loops_ring, gammafunk_ghost_hive,
          cheibrodos_lair_caveside_slide
Lair:2:   layout_chaotic_city, nicolae_lair_lakeside_cave
Lair:3:   layout_cave_pods, elwin_shoals_entry_stream,
          spider_nest_entry_funnel_web, serial_bayou_shore_a
Lair:4:   layout_gridlike, dpeg_slime_entry_corner, serial_rivers,
          chequers_serial_rivers_large_b, chequers_serial_rivers_micro_e,
          chequers_serial_rivers_micro_e, chequers_serial_rivers_room_a,
          chequers_serial_rivers_micro_e
Lair:5:   cheibrodos_lair_end_hotspot, layout_small_grid, gammafunk_ghost_grave
Orc:1:    layout_diamond_mine, mines2_david
Orc:2:    st_orc_open, layout_caves, serial_shops, shop

Skill      XL: |  1  2  3  4  5  6  7  8  9 10 11 12 13 14 |
---------------+-------------------------------------------+-----
Long Blades    | 2 3 4 5 6 7 8 9 10 11 | 11.0
Armour         | 4 5 6 7 8 10 11 12 13 | 13.1
Shields        | 4 5 6 7 8 10 11 12 13 | 13.1
Dodging        | 1 2 3 4 5 6 |  6.9
Fighting       | 4 5 6 7 8 9 |  9.8
Evocations     | 1 2 3 4 5 6 7 |  7.2
Invocations    | 1 2 4 5 6 7 8 |  8.1

Action                   |  1- 3 |  4- 6 |  7- 9 | 10-12 | 13-15 || total
-------------------------+-------+-------+-------+-------+-------++-------
Melee: Long sword        |   156 |   191 |    19 |       |       ||   366
       Double sword      |       |       |   377 |   916 |  1114 ||  2407
Invok: Heroism           |       |       |     2 |    14 |     9 ||    25
       Finesse           |       |       |       |     1 |     2 ||     3
  Use: Scroll            |     4 |     6 |     9 |     3 |     5 ||    27
       Potion            |       |       |     4 |     7 |     3 ||    14
Armor: Scale mail        |   102 |   127 |   342 |   138 |       ||   709
       Plate armour      |       |       |       |   209 |       ||   209
       Gold dragon scale |       |       |       |   310 |   984 ||  1294
Dodge: Dodged            |    93 |    84 |   237 |   252 |   335 ||  1001
Block: Buckler           |    34 |    53 |    88 |       |       ||   175
       Kite shield       |       |       |    37 |   567 |   839 ||  1443

Table legend: (Time is in decaauts)
 A = Elapsed time spent in this place.
 B = Non-inter-level travel time spent in this place.
 C = Inter-level travel time spent in this place.
 D = Time resting spent in this place.
 E = Time spent auto-exploring this place.
 F = Levels seen in this place.
 G = Mean time per level.
                   A        B        C        D        E       F      G
               +--------+--------+--------+--------+--------+-----+--------+
         Total |  20901 |  20199 |    702 |   1327 |  13559 |  21 |  995.3 |
       Dungeon |  12570 |  12193 |    377 |    782 |   8263 |  11 | 1142.7 |
        Temple |    183 |    148 |     35 |      0 |    135 |   1 |  183.0 |
          Lair |   6891 |   6614 |    277 |    199 |   4727 |   5 | 1378.2 |
  Orcish Mines |    620 |    607 |     13 |     52 |    378 |   2 |  310.0 |
         Sewer |    127 |    127 |      0 |      0 |     44 |   1 |  127.0 |
      Ice Cave |    507 |    507 |      0 |    294 |     11 |   1 |  507.0 |
               +--------+--------+--------+--------+--------+-----+--------+

Top non-repeatable levels by time:
  Lair:5: 1744 daAuts
     D:9: 1709 daAuts
    D:10: 1693 daAuts
     D:4: 1590 daAuts
  Lair:4: 1474 daAuts
  Lair:3: 1280 daAuts
     D:7: 1250 daAuts
  Lair:2: 1220 daAuts
     D:8: 1198 daAuts
  Lair:1: 1172 daAuts
     D:2: 1077 daAuts
    D:11: 1046 daAuts
     D:5: 995 daAuts
     D:1: 851 daAuts
   Orc:1: 607 daAuts
